 Dungeon Crawl Stone Soup version 0.21.0-24-g2553a33 (webtiles) character file.

39 mopl the Firebug (level 3, -6/19 HPs)
             Began as a Deep Elf Fire Elementalist on Jan 20, 2018.
             Engulfed by a cloud of blessed fire (25 damage)
             ... on level 2 of the Dungeon.
             The game lasted 00:01:59 (958 turns).

mopl the Firebug (Deep Elf Fire Elementalist)        Turns: 958, Time: 00:02:00

Health: -6/19      AC:  2    Str:  5    XL:     3   Next: 26%
Magic:  8/10       EV: 13    Int: 20    God:
Gold:   45         SH:  0    Dex: 15    Spells: 3/9 levels left

rFire    . . .     SeeInvis .   (no weapon)
rCold    . . .     Gourm    .   (no shield)
rNeg     . . .     Faith    .   a - +0 robe
rPois    +         Spirit   .   (no helmet)
rElec    .         Reflect  .   (no cloak)
rCorr    .         Harm     .   (no gloves)
MR       .....                  (no boots)
Stlth    +.........             (no amulet)
HPRegen  0.06/turn              n - ring of poison resistance
MPRegen  0.12/turn              (no ring)

@: glowing
A: no striking features
a: no special abilities


You were on level 2 of the Dungeon.
You were not hungry.

You visited 1 branch of the dungeon, and saw 2 of its levels.

You collected 45 gold pieces.

Inventory:

Armour
 a - a +0 robe (worn)
 e - a scarf of spirit shield
Jewellery
 n - a ring of poison resistance (left hand)
Scrolls
 d - a scroll of magic mapping {unknown}
 f - a scroll of fog {unknown}
 g - a scroll of immolation {unknown}
 h - 2 scrolls of remove curse {unknown}
 i - 2 scrolls of identify {unknown}
 j - 2 scrolls of teleportation {unknown}
Potions
 k - a potion of ambrosia {unknown}
 l - a potion of heal wounds {unknown}
Books
 b - a book of Flames

   Spells                             Type                      Level
   a - Flame Tongue                   Conjuration/Fire             1
   b - Throw Flame                    Conjuration/Fire             2
   c - Conjure Flame                  Conjuration/Fire             3
   d - Inner Flame                    Hexes/Fire                   3
   e - Sticky Flame                   Conjuration/Fire             4
   f - Fireball                       Conjuration/Fire             5
Comestibles
 c - 5 rations
 m - 3 chunks of flesh


   Skills:
 - Level 2.4 Dodging
 - Level 2.4 Stealth
 + Level 3.5 Spellcasting
 * Level 2.3 Conjurations
 * Level 4.0 Fire Magic


You had 3 spell levels left.
You knew the following spells:

 Your Spells              Type           Power        Failure   Level  Hunger
a - Flame Tongue          Conj/Fire      ###..        3%          1    None
b - Throw Flame           Conj/Fire      ###...       5%          2    ##.....
c - Conjure Flame         Conj/Fire      ###.....     11%         3    ###....


Dungeon Overview and Level Annotations

Branches:
Dungeon (2/15)

Altars:
Yredelemnul
The Shining One


Message History

Confirm with . or Enter, or press ? or * to list all spells.
You don't know that spell.
There is an open door here.
There is an open door here.
Some of the chunks of flesh in your inventory have rotted away.
You open the door.
Found a dagger.
Found a glowing golden altar of the Shining One.
There is an open door here.
Press: ? - help, v - describe, . - travel, g - get item A dagger.
There is something else lying underneath.
The floor.
This square is lit by a halo.
Really walk into a travel-excluded area? [Y]es or [N]o only, please.
Really walk into a travel-excluded area?
You are engulfed in blessed fire.
Ouch! That really hurt!
You die...

################ #..............#
#.############.##
#.###########...######### #
#.####§.§.§.#...#.§.§.§## #
#.##A#._....'...'...._.#A
#########.####§.@.§.#...#.§.§.§##
..........###########...#########
########### ##.## # #.. # ##.# #
.# # .# . #


You could see an angel (sleeping).

Vanquished Creatures
  An adder (D:2)
  2 worms (D:2)
  A dart slug (D:1)
  A leopard gecko (D:2)
  3 giant cockroaches
  A goblin (D:2)
  4 hobgoblins (D:1)
  2 kobolds
  A quokka (D:2)
  3 bats (D:1)
  2 rats (D:1)
21 creatures vanquished.

Vanquished Creatures (others)
  A worm (D:2)
  A kobold (D:2)
2 creatures vanquished.

Grand Total: 23 creatures vanquished

Notes
Turn   | Place    | Note
-------+----------+-------------------------------------------
     0 | D:1      | mopl the Deep Elf Fire Elementalist began the quest for the Orb.
     0 | D:1      | Reached XP level 1. HP: 10/10 MP: 6/6
   193 | D:1      | Reached XP level 2. HP: 15/15 MP: 2/8
   197 | D:1      | Learned a level 2 spell: Throw Flame
   698 | D:2      | Reached skill level 2 in Conjurations
   881 | D:2      | Reached XP level 3. HP: 14/19 MP: 2/9
   886 | D:2      | Learned a level 3 spell: Conjure Flame
   940 | D:2      | Found a basalt altar of Yredelemnul.
   942 | D:2      | Reached skill level 4 in Fire Magic
   944 | D:2      | Noticed a profane servitor
   953 | D:2      | Found a glowing golden altar of the Shining One.
   955 | D:2      | Noticed an angel
   958 | D:2      | Engulfed by a cloud of blessed fire

Skill      XL: |  1  2  3 |
---------------+----------+-----
Conjurations   | 2 |  2.3
Fire Magic     | 4 |  4.0
Dodging        | |  2.4
Stealth        | |  2.4
Spellcasting   | |  3.5

Action                   || total
-------------------------++-------
Melee: Unarmed           ||     1
 Cast: Flame Tongue      ||    46
Dodge: Dodged            ||    10
